Map: Blueshift LE

Players

Maplez - Winner!

  • Race: Protoss Protoss
  • League: Grandmaster
  • Spawn Location: 1:00

llllllllllll

  • Race: Protoss Protoss
  • League: Master
  • Spawn Location: 7:00

VOD

Have the link to the VOD?

Description

Time

  • Played on: Aug. 22, 2018, 4:43 p.m.
  • Length: 6:42
Show
View Real Time Build Order
Export as new Build Order

Maplez Protoss - Winner!

Build Orders: Blink Stalkers 

Get SALT Encoding   

  12  0:00  Probe  
  13  0:12  Probe  
  14  0:18  Pylon  
  14  0:23  Probe  
  15  0:32  Probe  
  15  0:38  Gateway  
  15  0:40  Probe  
  16  0:48  Assimilator  
  17  0:51  Probe  
  17  0:55  Assimilator  
  18  1:03  Probe  
  19  1:10  Gateway  
  19  1:15  Probe  
  20  1:25  Cybernetics Core  
  20  1:27  Probe  
  21  1:33  Pylon  
  21  1:39  Probe  
  22  1:45  Warp Gate  
  22  1:52  Probe  
  23  2:02  Stalker  
  23  2:03  Sentry  
  27  2:12  Pylon  
  27  2:20  Pylon  
  27  2:30  Stalker  
  27  2:32  Stalker  
  31  2:47  Nexus  
  31  2:54  Shield Battery  
  31  3:04  Twilight Council  
  31  3:10  Probe  
  32  3:16  Blink  
  32  3:18  Pylon  
  32  3:22  Probe  
  32  3:25  Shield Battery  
  33  3:34  Probe  
  34  3:46  Probe  
  35  3:57  Stalker  
  35  3:58  Probe  
  35  4:00  Probe, Stalker  
  40  4:09  Probe  
  41  4:11  Probe  
  43  4:19  Probe  
  43  4:21  Stalker  
  43  4:23  Probe  
  47  4:29  Stalker  
  47  4:31  Probe  
  50  4:35  Probe  
  51  4:42  Forge  
  51  4:43  Probe  
  52  4:47  Probe  
  52  4:49  Pylon  
  53  4:55  Probe  
  53  4:58  Stalker x2  
  58  5:04  Probe  
  58  5:06  Pylon  
  59  5:08  Probe  
  60  5:16  Probe  
  60  5:20  Probe  
  62  5:21  Adept x2  
  66  5:28  Probe  
  66  5:35  Probe  
  64  5:41  Assimilator x2  
  64  5:43  Gateway  
  64  5:44  Gateway  
  64  5:50  Probe  
  64  5:55  Stalker x2  
  70  5:57  Probe, Pylon  
  64  6:19  Stalker x2  
  68  6:26  Gateway x2  
  68  6:29  Probe  
Show
View Real Time Build Order
Export as new Build Order

llllllllllll Protoss 

Build Orders: Oracle Opening, Blink Stalkers 

Get SALT Encoding   

  12  0:00  Probe  
  13  0:13  Probe  
  14  0:24  Pylon  
  14  0:25  Probe  
  15  0:40  Probe  
  16  0:43  Gateway  
  16  0:48  Probe  
  16  0:50  Assimilator  
  16  0:55  Assimilator  
  16  0:57  Probe  
  18  1:05  Probe  
  19  1:13  Probe, Gateway  
  20  1:23  Probe  
  21  1:30  Cybernetics Core  
  21  1:35  Probe  
  22  1:42  Pylon  
  22  1:47  Probe  
  22  1:48  Pylon  
  23  2:00  Probe, Warp Gate  
  24  2:06  Stalker x2  
  28  2:15  Pylon  
  28  2:20  Probe  
  29  2:32  Probe  
  30  2:43  Stargate  
  30  2:44  Probe  
  31  2:52  Stalker x2  
  31  2:56  Probe  
  35  3:20  Oracle  
  35  3:22  Nexus  
  38  3:37  Shield Battery  
  38  3:43  Twilight Council  
  38  3:48  Probe  
  38  3:52  Blink  
  39  3:56  Pylon  
  39  4:14  Probe  
  39  4:16  Gateway x2  
  40  4:27  Probe  
  41  4:36  Probe  
  39  4:38  Robotics Facility  
  39  4:39  Probe  
  40  4:48  Probe, Stalker  
  40  4:49  Stalker  
  40  4:51  Probe  
  46  5:00  Probe  
  46  5:02  Assimilator  
  46  5:03  Probe  
  48  5:11  Stalker  
  48  5:12  Probe, Stalker  
  53  5:16  Probe  
  53  5:18  Stalker  
  56  5:24  Probe  
  56  5:28  Probe  
  56  5:39  Probe  
  56  5:40  Probe, Stalker x3  
  62  5:47  Pylon  
  62  5:51  Assimilator  
  62  6:00  Probe  
  62  6:02  Probe  
  61  6:05  Adept  
  61  6:06  Adept  
  60  6:12  Probe  
  60  6:14  Probe  
  59  6:19  Stalker x2  
  59  6:24  Probe  
  61  6:26  Probe  
Tags
 
Add a new tag
Caveats
  • Supply blocks, unpowered buildings, or Contaminate may cause inaccurate times.
  • Supply counts are checked every 10 seconds.